[ AOE2 MATCH · #476484440 ]
Team RMVietnamese vs Persians
[ REPLAY ANALYSIS · EXTRACTED FROM THE RECORDED GAME ]
Feudal
9:25
Castle
20:54
Imperial
33:42
| APM avg | 22.0 |
| APM peak | 64 |
| eAPM avg | 11.7 |
| Villagers / military | 75 / 118 |
Focus
⚔️ 32.2% · 🌾 67.8%
Archer ×89 · Rattan Archer ×21 · Mangonel ×4 · Monk ×3 · Trebuchet (Packed) ×1
Feudal
9:44
Castle
16:01
Imperial
32:45
| APM avg | 38.0 |
| APM peak | 95 |
| eAPM avg | 23.1 |
| Villagers / military | 162 / 406 |
Focus
⚔️ 35.1% · 🌾 64.9%
Scout Cavalry ×236 · Knight ×156 · Trebuchet (Packed) ×6 · Mangonel ×5 · Fishing Ship ×5 · Demolition Raft ×2
Feudal
9:41
Castle
18:01
Imperial
31:57
| APM avg | 41.0 |
| APM peak | 82 |
| eAPM avg | 24.9 |
| Villagers / military | 138 / 157 |
Focus
⚔️ 39.1% · 🌾 60.9%
Scout Cavalry ×153 · Unknown (1952) ×91 · Unknown (1949) ×60 · Unknown (1942) ×9 · Monk ×2 · Spearman ×2
Feudal
9:52
Castle
21:13
Imperial
40:26
| APM avg | 33.8 |
| APM peak | 93 |
| eAPM avg | 21.4 |
| Villagers / military | 182 / 232 |
Focus
⚔️ 18.9% · 🌾 81.1%
Skirmisher ×136 · Magyar Huszar ×96
Match map
Initial resources + every placement click. Lines = walls · curves = elevation contours. ◆ gold · ⬟ stone · ● berries · ✦ relic · ◌ wall gap
Your base· Open — 6t gap
[AoT]Drachyr's base· Open — unwalled flank
stevenmin830605's base· Open — 2t gap
Dr.Fahrstuhl's base· Open — 2t gap
Smoothed initial terrain · ◌ = detected wall gap · hover for details
Inputs per minute
— thales_23 - - [AoT]Drachyr
Build order — thales_23
First 150 of 298 actions detected
| 0:01 | Create | Villager (Male) |
| 0:01 | Create | Villager (Male) |
| 0:02 | Create | Villager (Male) |
| 0:02 | Create | Villager (Male) |
| 0:04 | Build | House |
| 0:05 | Build | House |
| 0:12 | Research | Loom |
| 0:13 | Create | Villager (Male) |
| 0:14 | Create | Villager (Male) |
| 0:14 | Create | Villager (Male) |
| 1:00 | Create | Villager (Male) |
| 1:01 | Create | Villager (Male) |
| 1:05 | Build | Lumber Camp |
| 1:50 | Create | Villager (Male) |
| 2:14 | Create | Villager (Male) |
| 2:15 | Create | Villager (Male) |
| 3:00 | Create | Villager (Male) |
| 3:01 | Create | Villager (Male) |
| 3:32 | Create | Villager (Male) |
| 3:38 | Build | House |
| 3:39 | Build | House |
| 3:53 | Build | Mill |
| 4:42 | Create | Villager (Male) |
| 5:14 | Create | Villager (Male) |
| 5:15 | Create | Villager (Male) |
| 5:55 | Create | Villager (Male) |
| 6:17 | Build | Mill |
| 6:37 | Create | Villager (Male) |
| 7:16 | Research | Feudal Age |
| 7:28 | Build | Mining Camp |
| 7:52 | Build | Lumber Camp |
| 7:58 | Create | Villager (Male) |
| 7:58 | Create | Villager (Male) |
| 8:44 | Build | Barracks |
| 9:19 | Create | Villager (Male) |
| 9:19 | Create | Villager (Male) |
| 9:25 | Age | Feudal Age |
| 9:39 | Build | Archery Range |
| 9:45 | Build | House |
| 9:50 | Create | Villager (Male) |
| 9:57 | Research | Double-Bit Axe |
| 10:22 | Create | Villager (Male) |
| 10:37 | Build | Blacksmith |
| 10:39 | Create | Archer |
| 10:39 | Create | Archer |
| 10:44 | Create | Villager (Male) |
| 10:45 | Create | Villager (Male) |
| 10:56 | Build | House |
| 10:58 | Build | Palisade Wall |
| 11:17 | Build | House |
| 11:43 | Create | Archer |
| 11:44 | Create | Archer |
| 11:49 | Build | Archery Range |
| 11:59 | Create | Villager (Male) |
| 12:00 | Create | Villager (Male) |
| 12:01 | Create | Villager (Male) |
| 12:04 | Build | Farm |
| 12:05 | Build | Farm |
| 12:05 | Build | Farm |
| 12:12 | Research | Fletching |
| 12:30 | Create | Archer |
| 12:34 | Build | Farm |
| 12:34 | Build | Farm |
| 12:46 | Create | Archer |
| 12:46 | Create | Archer |
| 12:49 | Create | Archer |
| 12:52 | Create | Villager (Male) |
| 12:52 | Create | Villager (Male) |
| 12:54 | Build | House |
| 12:56 | Build | Palisade Wall |
| 13:04 | Build | Farm |
| 13:04 | Build | Farm |
| 13:04 | Build | Farm |
| 13:09 | Build | Farm |
| 13:23 | Create | Archer |
| 13:57 | Create | Villager (Male) |
| 13:57 | Create | Villager (Male) |
| 13:59 | Create | Archer |
| 13:59 | Create | Archer |
| 14:30 | Build | Farm |
| 14:30 | Build | Farm |
| 14:30 | Build | Farm |
| 14:31 | Build | Farm |
| 14:31 | Build | Farm |
| 14:55 | Create | Archer |
| 14:55 | Create | Archer |
| 14:56 | Create | Archer |
| 14:59 | Build | House |
| 15:00 | Build | House |
| 15:02 | Build | House |
| 15:15 | Create | Archer |
| 15:15 | Create | Archer |
| 15:17 | Research | Padded Archer Armor |
| 15:22 | Build | Farm |
| 15:22 | Build | Farm |
| 15:22 | Build | Farm |
| 15:23 | Build | Farm |
| 15:28 | Research | Horse Collar |
| 15:30 | Create | Villager (Male) |
| 15:31 | Create | Villager (Male) |
| 16:31 | Create | Villager (Male) |
| 16:31 | Create | Villager (Male) |
| 16:37 | Build | Farm |
| 16:38 | Build | Farm |
| 16:38 | Build | Farm |
| 16:38 | Build | Farm |
| 16:41 | Create | Archer |
| 16:41 | Create | Archer |
| 16:41 | Create | Archer |
| 17:08 | Create | Villager (Male) |
| 17:15 | Build | Lumber Camp |
| 17:38 | Build | Palisade Wall |
| 17:48 | Build | Market |
| 18:14 | Research | Castle Age |
| 18:20 | Research | Gold Mining |
| 18:45 | Create | Archer |
| 18:54 | Build | Mining Camp |
| 19:11 | Build | House |
| 19:12 | Build | House |
| 19:13 | Build | House |
| 19:19 | Create | Archer |
| 19:19 | Create | Archer |
| 19:43 | Research | Wheelbarrow |
| 19:46 | Create | Villager (Male) |
| 19:47 | Create | Villager (Male) |
| 20:01 | Create | Archer |
| 20:02 | Create | Archer |
| 20:02 | Create | Archer |
| 20:03 | Create | Archer |
| 20:03 | Create | Archer |
| 20:09 | Build | House |
| 20:10 | Build | House |
| 20:54 | Age | Castle Age |
| 20:59 | Build | Town Center |
| 21:04 | Research | Crossbowman (upgrade) |
| 21:06 | Research | Bodkin Arrow |
| 21:13 | Build | University |
| 21:23 | Build | University |
| 21:27 | Research | Bow Saw |
| 21:30 | Create | Villager (Male) |
| 21:31 | Create | Villager (Male) |
| 21:37 | Create | Archer |
| 21:37 | Create | Archer |
| 21:38 | Create | Archer |
| 21:55 | Build | House |
| 21:55 | Build | House |
| 21:55 | Build | House |
| 21:56 | Build | House |
| 21:56 | Build | House |
| 21:56 | Build | House |
Build order — [AoT]Drachyr
First 150 of 575 actions detected
| 0:04 | Create | Villager (Male) |
| 0:04 | Create | Villager (Male) |
| 0:06 | Build | House |
| 0:08 | Research | Loom |
| 0:10 | Build | House |
| 0:22 | Create | Villager (Male) |
| 0:22 | Create | Villager (Male) |
| 0:49 | Create | Villager (Male) |
| 0:50 | Create | Villager (Male) |
| 0:50 | Create | Villager (Male) |
| 0:50 | Create | Villager (Male) |
| 1:19 | Create | Villager (Male) |
| 1:19 | Create | Villager (Male) |
| 1:19 | Create | Villager (Male) |
| 1:19 | Create | Villager (Male) |
| 2:05 | Create | Villager (Male) |
| 2:05 | Create | Villager (Male) |
| 2:08 | Build | Lumber Camp |
| 3:00 | Create | Villager (Male) |
| 3:01 | Create | Villager (Male) |
| 3:18 | Build | Dock |
| 3:24 | Create | Villager (Male) |
| 3:24 | Create | Villager (Male) |
| 3:24 | Create | Villager (Male) |
| 3:48 | Build | House |
| 4:35 | Build | House |
| 4:39 | Create | Fishing Ship |
| 4:39 | Create | Fishing Ship |
| 4:45 | Create | Villager (Male) |
| 5:13 | Create | Villager (Male) |
| 5:19 | Build | House |
| 5:29 | Create | Fishing Ship |
| 5:31 | Create | Villager (Male) |
| 6:08 | Create | Villager (Male) |
| 6:11 | Create | Fishing Ship |
| 6:26 | Create | Villager (Male) |
| 6:30 | Build | Mining Camp |
| 6:43 | Create | Villager (Male) |
| 7:40 | Research | Feudal Age |
| 7:40 | Research | Feudal Age |
| 7:57 | Build | Mill |
| 9:04 | Build | Mill |
| 9:42 | Create | Villager (Male) |
| 9:44 | Age | Feudal Age |
| 9:50 | Create | Villager (Male) |
| 9:54 | Build | House |
| 10:01 | Build | Market |
| 10:08 | Create | Villager (Male) |
| 10:26 | Build | Blacksmith |
| 10:31 | Build | Palisade Wall |
| 10:39 | Create | Villager (Male) |
| 10:48 | Build | Palisade Wall |
| 10:54 | Create | Villager (Male) |
| 11:05 | Build | Palisade Gate |
| 11:10 | Research | Double-Bit Axe |
| 11:29 | Create | Villager (Male) |
| 11:36 | Build | House |
| 11:49 | Create | Villager (Male) |
| 11:58 | Create | Fishing Ship |
| 12:23 | Create | Villager (Male) |
| 12:25 | Build | Mining Camp |
| 12:48 | Build | Palisade Wall |
| 12:50 | Build | Stone Wall |
| 13:14 | Build | Stone Wall |
| 13:36 | Research | Castle Age |
| 13:36 | Research | Castle Age |
| 13:45 | Build | Stone Wall |
| 14:17 | Build | Farm |
| 14:18 | Build | Farm |
| 14:19 | Build | Farm |
| 14:19 | Build | Farm |
| 14:30 | Build | Farm |
| 15:04 | Research | Horse Collar |
| 16:01 | Age | Castle Age |
| 16:02 | Build | Palisade Wall |
| 16:03 | Build | Palisade Wall |
| 16:05 | Build | Stone Wall |
| 16:18 | Build | Siege Workshop |
| 16:21 | Create | Villager (Male) |
| 16:21 | Create | Villager (Male) |
| 16:22 | Research | Bow Saw |
| 16:23 | Research | Heavy Plow |
| 16:27 | Build | Farm |
| 16:29 | Build | Farm |
| 16:45 | Create | Mangonel |
| 16:45 | Create | Mangonel |
| 16:45 | Create | Mangonel |
| 16:50 | Create | Villager (Male) |
| 17:16 | Build | Lumber Camp |
| 17:17 | Create | Villager (Male) |
| 17:30 | Create | Villager (Male) |
| 17:41 | Build | House |
| 18:12 | Create | Villager (Male) |
| 18:21 | Create | Villager (Male) |
| 18:22 | Build | House |
| 18:24 | Build | House |
| 18:47 | Create | Villager (Male) |
| 19:00 | Build | Town Center |
| 19:14 | Build | Town Center |
| 19:19 | Create | Villager (Male) |
| 19:29 | Create | Villager (Male) |
| 19:43 | Build | Farm |
| 19:46 | Build | Farm |
| 19:49 | Create | Villager (Male) |
| 20:04 | Research | Town Watch |
| 20:10 | Build | Farm |
| 20:10 | Build | Farm |
| 20:11 | Build | Farm |
| 20:12 | Build | Farm |
| 20:12 | Build | Farm |
| 20:12 | Build | Farm |
| 20:19 | Research | Tech 906 |
| 20:24 | Create | Villager (Male) |
| 20:34 | Build | Farm |
| 20:37 | Create | Villager (Male) |
| 20:37 | Create | Villager (Male) |
| 20:48 | Create | Villager (Male) |
| 20:48 | Create | Villager (Male) |
| 20:53 | Build | Farm |
| 21:01 | Create | Villager (Male) |
| 21:01 | Create | Villager (Male) |
| 21:05 | Build | Lumber Camp |
| 21:15 | Create | Villager (Male) |
| 21:22 | Build | Farm |
| 21:25 | Build | Farm |
| 21:28 | Build | Farm |
| 21:31 | Create | Villager (Male) |
| 21:36 | Build | Farm |
| 21:40 | Build | Farm |
| 21:42 | Create | Villager (Male) |
| 21:42 | Create | Villager (Male) |
| 21:43 | Create | Villager (Male) |
| 21:43 | Create | Villager (Male) |
| 21:50 | Build | Outpost |
| 21:51 | Build | Outpost |
| 22:08 | Create | Villager (Male) |
| 22:08 | Create | Villager (Male) |
| 22:13 | Build | Farm |
| 22:16 | Create | Villager (Male) |
| 22:16 | Create | Villager (Male) |
| 22:17 | Create | Villager (Male) |
| 22:25 | Build | Farm |
| 22:39 | Create | Mangonel |
| 22:42 | Build | Farm |
| 22:46 | Build | House |
| 22:58 | Create | Villager (Male) |
| 22:58 | Create | Villager (Male) |
| 23:06 | Build | Barracks |
| 23:34 | Build | Monastery |
| 23:35 | Create | Villager (Male) |
Build order — stevenmin830605
First 150 of 678 actions detected
| 0:02 | Build | House |
| 0:05 | Build | House |
| 0:05 | Create | Villager (Male) |
| 0:31 | Create | Villager (Male) |
| 1:01 | Create | Villager (Male) |
| 1:22 | Create | Villager (Male) |
| 1:42 | Create | Villager (Male) |
| 1:45 | Build | Lumber Camp |
| 1:58 | Create | Villager (Male) |
| 2:29 | Create | Villager (Male) |
| 2:56 | Build | House |
| 2:57 | Build | House |
| 3:00 | Create | Villager (Male) |
| 3:39 | Create | Villager (Male) |
| 4:00 | Create | Villager (Male) |
| 4:23 | Create | Villager (Male) |
| 4:50 | Create | Villager (Male) |
| 5:04 | Build | Mill |
| 5:14 | Create | Villager (Male) |
| 5:35 | Create | Villager (Male) |
| 5:35 | Create | Villager (Male) |
| 6:27 | Research | Loom |
| 7:06 | Create | Villager (Male) |
| 7:09 | Build | House |
| 7:13 | Build | House |
| 7:21 | Research | Feudal Age |
| 8:06 | Build | Barracks |
| 8:38 | Build | Mill |
| 8:55 | Create | Villager (Male) |
| 9:13 | Build | Palisade Wall |
| 9:16 | Build | Palisade Wall |
| 9:41 | Age | Feudal Age |
| 9:43 | Research | Double-Bit Axe |
| 9:45 | Research | Horse Collar |
| 9:52 | Create | Villager (Male) |
| 9:54 | Create | Spearman |
| 10:16 | Create | Villager (Male) |
| 10:19 | Create | Spearman |
| 10:32 | Build | Farm |
| 10:36 | Build | Farm |
| 10:53 | Create | Villager (Male) |
| 10:59 | Build | Farm |
| 11:24 | Build | Farm |
| 11:25 | Build | Farm |
| 11:31 | Build | Farm |
| 11:33 | Create | Villager (Male) |
| 11:50 | Build | House |
| 11:53 | Build | House |
| 11:58 | Create | Villager (Male) |
| 12:16 | Build | Mining Camp |
| 12:20 | Create | Villager (Male) |
| 12:32 | Build | Market |
| 12:35 | Create | Villager (Male) |
| 13:08 | Create | Villager (Male) |
| 13:35 | Create | Villager (Male) |
| 13:40 | Build | Farm |
| 13:44 | Build | Farm |
| 13:45 | Build | Farm |
| 13:46 | Build | Farm |
| 13:58 | Create | Villager (Male) |
| 14:28 | Build | Stable |
| 14:31 | Create | Villager (Male) |
| 14:50 | Build | Blacksmith |
| 14:56 | Create | Villager (Male) |
| 15:14 | Research | Castle Age |
| 15:28 | Research | Bloodlines |
| 15:55 | Research | Gold Mining |
| 15:55 | Research | Gold Mining |
| 16:04 | Build | Farm |
| 16:07 | Build | Farm |
| 16:08 | Build | Farm |
| 16:10 | Build | Farm |
| 16:18 | Build | Farm |
| 16:20 | Build | Farm |
| 16:23 | Research | Stone Mining |
| 17:16 | Build | Mining Camp |
| 17:27 | Build | House |
| 17:28 | Build | House |
| 17:57 | Create | Villager (Male) |
| 18:01 | Age | Castle Age |
| 18:02 | Research | Bow Saw |
| 18:02 | Research | Bow Saw |
| 18:17 | Research | Heavy Plow |
| 18:27 | Create | Villager (Male) |
| 18:33 | Build | Town Center |
| 18:40 | Create | Unit 1944 |
| 18:56 | Research | Wheelbarrow |
| 19:20 | Create | Villager (Male) |
| 19:48 | Create | Villager (Male) |
| 20:05 | Create | Villager (Male) |
| 20:19 | Create | Villager (Male) |
| 20:35 | Build | Town Center |
| 20:39 | Create | Villager (Male) |
| 20:44 | Research | Hand Cart |
| 21:01 | Create | Villager (Male) |
| 21:17 | Research | Stone Shaft Mining |
| 21:25 | Create | Villager (Male) |
| 21:28 | Build | Farm |
| 21:30 | Build | Farm |
| 21:36 | Create | Villager (Male) |
| 21:56 | Create | Villager (Male) |
| 22:01 | Research | Gold Shaft Mining |
| 22:04 | Create | Villager (Male) |
| 22:12 | Build | Monastery |
| 22:16 | Build | Farm |
| 22:18 | Build | Farm |
| 22:24 | Create | Villager (Male) |
| 22:27 | Create | Villager (Male) |
| 22:33 | Create | Villager (Male) |
| 22:45 | Create | Monk |
| 22:51 | Create | Villager (Male) |
| 22:51 | Create | Villager (Male) |
| 22:53 | Create | Villager (Male) |
| 22:59 | Build | Castle |
| 23:03 | Build | House |
| 23:05 | Build | House |
| 23:06 | Build | House |
| 23:13 | Build | Palisade Wall |
| 23:32 | Research | Fervor |
| 23:35 | Create | Villager (Male) |
| 23:36 | Create | Villager (Male) |
| 23:39 | Create | Villager (Male) |
| 23:55 | Create | Trade Cart |
| 23:59 | Build | Town Center |
| 24:12 | Build | House |
| 24:15 | Build | House |
| 24:17 | Build | House |
| 24:20 | Build | House |
| 24:27 | Create | Villager (Male) |
| 24:27 | Create | Villager (Male) |
| 24:27 | Create | Villager (Male) |
| 24:47 | Create | Villager (Male) |
| 24:47 | Create | Villager (Male) |
| 24:47 | Create | Villager (Male) |
| 24:52 | Research | Town Watch |
| 24:58 | Research | Fletching |
| 25:03 | Research | Padded Archer Armor |
| 25:15 | Build | University |
| 25:18 | Create | Villager (Male) |
| 25:19 | Create | Villager (Male) |
| 25:19 | Create | Villager (Male) |
| 25:19 | Create | Villager (Male) |
| 25:24 | Build | Farm |
| 25:28 | Build | Farm |
| 25:31 | Build | Farm |
| 25:34 | Build | Farm |
| 25:35 | Build | Farm |
| 25:38 | Create | Villager (Male) |
| 25:49 | Build | Mill |
| 25:50 | Build | Farm |
Build order — Dr.Fahrstuhl
First 150 of 470 actions detected
| 0:01 | Create | Villager (Male) |
| 0:02 | Create | Villager (Male) |
| 0:02 | Create | Villager (Male) |
| 0:07 | Build | House |
| 0:12 | Build | Lumber Camp |
| 0:21 | Build | House |
| 1:06 | Create | Villager (Male) |
| 1:06 | Create | Villager (Male) |
| 2:07 | Create | Villager (Male) |
| 2:07 | Create | Villager (Male) |
| 2:57 | Create | Villager (Male) |
| 2:57 | Create | Villager (Male) |
| 3:02 | Build | House |
| 3:06 | Create | Villager (Male) |
| 3:06 | Create | Villager (Male) |
| 3:36 | Create | Villager (Male) |
| 3:51 | Create | Villager (Male) |
| 4:32 | Create | Villager (Male) |
| 4:40 | Build | Mill |
| 4:57 | Build | House |
| 5:05 | Create | Villager (Male) |
| 5:05 | Create | Villager (Male) |
| 5:51 | Create | Villager (Male) |
| 6:17 | Create | Villager (Male) |
| 6:46 | Create | Villager (Male) |
| 7:16 | Build | Mining Camp |
| 7:17 | Create | Villager (Male) |
| 7:33 | Research | Feudal Age |
| 7:39 | Build | Farm |
| 8:01 | Build | Farm |
| 8:01 | Build | Farm |
| 8:02 | Build | Farm |
| 8:02 | Build | Farm |
| 8:21 | Build | House |
| 9:23 | Build | Mill |
| 9:33 | Create | Villager (Male) |
| 9:52 | Age | Feudal Age |
| 10:02 | Build | House |
| 10:16 | Create | Villager (Male) |
| 10:16 | Create | Villager (Male) |
| 10:21 | Build | Farm |
| 10:58 | Create | Villager (Male) |
| 11:13 | Build | Farm |
| 11:13 | Build | Farm |
| 11:28 | Create | Villager (Male) |
| 11:41 | Build | Palisade Gate |
| 11:46 | Build | Farm |
| 12:00 | Build | Barracks |
| 12:02 | Create | Villager (Male) |
| 12:04 | Build | Farm |
| 12:27 | Create | Villager (Male) |
| 12:50 | Research | Double-Bit Axe |
| 12:53 | Research | Gold Mining |
| 12:58 | Create | Villager (Male) |
| 12:59 | Create | Villager (Male) |
| 13:39 | Build | Market |
| 14:05 | Create | Villager (Male) |
| 14:06 | Create | Villager (Male) |
| 14:40 | Build | Archery Range |
| 14:52 | Create | Villager (Male) |
| 15:00 | Build | Archery Range |
| 15:14 | Build | House |
| 15:15 | Build | House |
| 15:19 | Create | Villager (Male) |
| 15:27 | Build | Lumber Camp |
| 15:41 | Create | Skirmisher ×4 |
| 15:49 | Create | Villager (Male) |
| 15:49 | Create | Villager (Male) |
| 16:36 | Create | Skirmisher ×5 |
| 16:37 | Create | Villager (Male) |
| 16:49 | Build | Blacksmith |
| 16:55 | Create | Villager (Male) |
| 17:08 | Build | House |
| 17:09 | Build | House |
| 17:11 | Build | House |
| 17:17 | Research | Fletching |
| 17:17 | Research | Fletching |
| 17:18 | Research | Padded Archer Armor |
| 17:41 | Build | Farm |
| 18:08 | Create | Villager (Male) |
| 18:23 | Build | Farm |
| 18:25 | Build | Farm |
| 18:33 | Research | Castle Age |
| 18:42 | Build | Farm |
| 18:54 | Build | House |
| 19:04 | Create | Skirmisher ×4 |
| 20:22 | Build | Stable |
| 20:28 | Build | Stable |
| 20:30 | Build | Stable |
| 20:34 | Research | Scale Barding Armor |
| 20:40 | Research | Horse Collar |
| 20:56 | Create | Villager (Male) |
| 21:09 | Research | Bloodlines |
| 21:13 | Age | Castle Age |
| 21:18 | Build | Town Center |
| 21:35 | Create | Villager (Male) |
| 22:03 | Create | Villager (Male) |
| 22:22 | Create | Villager (Male) |
| 22:23 | Create | Villager (Male) |
| 22:23 | Create | Villager (Male) |
| 22:53 | Build | Town Center |
| 22:55 | Create | Villager (Male) |
| 22:56 | Create | Villager (Male) |
| 23:04 | Create | Villager (Male) |
| 23:35 | Create | Villager (Male) |
| 23:36 | Create | Villager (Male) |
| 23:46 | Create | Villager (Male) |
| 23:53 | Build | Farm |
| 23:53 | Build | Farm |
| 23:54 | Build | Farm |
| 23:58 | Create | Villager (Male) |
| 24:25 | Create | Villager (Male) |
| 24:25 | Create | Villager (Male) |
| 24:32 | Create | Villager (Male) |
| 24:46 | Create | Villager (Male) |
| 24:53 | Build | Farm |
| 24:54 | Build | Farm |
| 24:54 | Build | Farm |
| 25:37 | Create | Villager (Male) |
| 25:37 | Create | Villager (Male) |
| 25:37 | Create | Villager (Male) |
| 25:38 | Create | Villager (Male) |
| 25:40 | Create | Villager (Male) |
| 25:40 | Create | Villager (Male) |
| 26:09 | Build | Farm |
| 26:19 | Create | Villager (Male) |
| 26:19 | Create | Villager (Male) |
| 26:20 | Create | Villager (Male) |
| 26:36 | Build | Castle |
| 26:44 | Build | Farm |
| 26:48 | Create | Villager (Male) |
| 26:48 | Create | Villager (Male) |
| 26:48 | Create | Villager (Male) |
| 26:57 | Build | House |
| 26:58 | Build | House |
| 27:00 | Build | House |
| 27:01 | Build | House |
| 27:02 | Build | House |
| 27:04 | Build | House |
| 27:11 | Research | Wheelbarrow |
| 27:14 | Research | Loom |
| 27:21 | Build | Farm |
| 27:24 | Create | Villager (Male) |
| 27:26 | Create | Villager (Male) |
| 27:27 | Create | Villager (Male) |
| 27:27 | Create | Villager (Male) |
| 27:47 | Create | Villager (Male) |
| 27:48 | Create | Villager (Male) |
| 28:00 | Build | House |
| 28:06 | Build | House |
Match timeline
| 3:18 | [AoT]Drachyr · first_building Dock |
| 8:06 | stevenmin830605 · first_building Barracks |
| 8:44 | thales_23 · first_building Barracks |
| 9:13 | stevenmin830605 · wall_segment Palisade Wall x5 |
| 9:16 | stevenmin830605 · wall_segment Palisade Wall x8 |
| 9:25 | thales_23 · age_up feudal |
| 9:39 | thales_23 · first_building Archery Range |
| 9:41 | stevenmin830605 · age_up feudal |
| 9:44 | [AoT]Drachyr · age_up feudal |
| 9:52 | Dr.Fahrstuhl · age_up feudal |
| 10:31 | [AoT]Drachyr · wall_segment Palisade Wall x1 |
| 10:48 | [AoT]Drachyr · wall_segment Palisade Wall x10 |
| 10:58 | thales_23 · wall_segment Palisade Wall x3 |
| 12:00 | Dr.Fahrstuhl · first_building Barracks |
| 12:48 | [AoT]Drachyr · wall_segment Palisade Wall x1 |
| 12:50 | [AoT]Drachyr · wall_segment Stone Wall x6 |
| 12:56 | thales_23 · wall_segment Palisade Wall x14 |
| 13:14 | [AoT]Drachyr · wall_segment Stone Wall x1 |
| 13:45 | [AoT]Drachyr · wall_segment Stone Wall x17 |
| 14:28 | stevenmin830605 · first_building Stable |
| 14:40 | Dr.Fahrstuhl · first_building Archery Range |
| 14:48 | Dr.Fahrstuhl · first_market_buy 100 food |
| 16:01 | [AoT]Drachyr · age_up castle |
| 16:02 | [AoT]Drachyr · wall_segment Palisade Wall x1 |
| 16:03 | [AoT]Drachyr · wall_segment Palisade Wall x1 |
| 16:05 | [AoT]Drachyr · wall_segment Stone Wall x1 |
| 16:18 | [AoT]Drachyr · first_building Siege Workshop |
| 17:38 | thales_23 · wall_segment Palisade Wall x1 |
| 18:01 | stevenmin830605 · age_up castle |
| 18:13 | Dr.Fahrstuhl · first_market_sell 100 wood |
| 18:25 | stevenmin830605 · first_market_buy 100 wood |
| 20:22 | Dr.Fahrstuhl · first_building Stable |
| 20:54 | thales_23 · age_up castle |
| 21:13 | Dr.Fahrstuhl · age_up castle |
| 22:05 | thales_23 · wall_segment Palisade Wall x8 |
| 22:12 | stevenmin830605 · first_building Monastery |
| 22:59 | stevenmin830605 · first_building Castle |
| 23:06 | [AoT]Drachyr · first_building Barracks |
| 23:13 | stevenmin830605 · wall_segment Palisade Wall x1 |
| 23:24 | thales_23 · first_building Siege Workshop |
| 23:34 | [AoT]Drachyr · first_building Monastery |
| 24:14 | thales_23 · first_building Monastery |
| 24:59 | [AoT]Drachyr · first_building Stable |
| 26:00 | thales_23 · first_building Castle |
| 26:22 | stevenmin830605 · first_building Archery Range |
| 26:36 | Dr.Fahrstuhl · first_building Castle |
| 28:54 | stevenmin830605 · wall_segment Palisade Wall x5 |
| 29:35 | [AoT]Drachyr · first_building Castle |
| 30:29 | thales_23 · first_market_sell 100 wood |
| 31:57 | stevenmin830605 · age_up imperial |
| 32:45 | [AoT]Drachyr · age_up imperial |
| 33:20 | stevenmin830605 · first_market_sell 100 food |
| 33:35 | stevenmin830605 · first_building Siege Workshop |
| 33:42 | thales_23 · age_up imperial |
| 34:44 | thales_23 · first_market_buy 100 food |
| 38:42 | thales_23 · resign |
| 40:26 | Dr.Fahrstuhl · age_up imperial |
| 43:48 | [AoT]Drachyr · first_market_buy 100 wood |
| 51:26 | Dr.Fahrstuhl · tribute_sent a jugador 1 |
| 51:26 | Dr.Fahrstuhl · tribute_sent a jugador 2 |
| 51:26 | Dr.Fahrstuhl · tribute_sent a jugador 3 |
[ AI ANALYSIS · 1 CREDIT ]
What really happened in this match?
Wolo.gg analyzes every decision: build order, eco, micro, common mistakes by bracket. Personalized analysis on WhatsApp or Discord in 30 seconds.
Civ guide
Vietnamese
Map guide
MegaRandom
Perfil
thales_23